2998 views
Uploaded 2020-02-03 00:33:03
Game version 1.32 / 1.32.1
7:41 long 4on4 ladder game on (8)Northshire_LV
Saved by BEARAND
2998 views
Uploaded 2020-02-03 00:33:03
Game version 1.32 / 1.32.1
7:41 long 4on4 ladder game on (8)Northshire_LV


63 units @ 6.7k
/ 0.7k
45 buildings @ 7.4k
/ 2.6k

| Wisp | 11 | 660 | / | 0 |
| Huntress | 7 | 1365 | / | 140 |
| total: | 18 | 2025g | / | 140w |
| Altar of Elders | 1 | 180 | / | 50 |
| Moon Well | 5 | 900 | / | 200 |
| Hunter's Hall | 1 | 210 | / | 100 |
| Ancient of War | 2 | 300 | / | 120 |
| Tree of Ages | 1 | 320 | / | 180 |
| total: | 9 | 1590g | / | 470w |
| 0:02 | Wisp |
| 0:02 | Wisp |
| 0:02 | Wisp |
| 0:07 | Altar of Elders |
| 0:08 | Moon Well |
| 0:21 | Wisp |
| 0:49 | Wisp |
| 0:55 | Wisp |
| 1:04 | Wisp |
| 1:27 | Hunter's Hall |
| 1:30 | Wisp |
| 1:30 | Wisp |
| 1:45 | Ancient of War |
| 1:59 | Ancient of War |
| 2:09 | Entangling Roots |
| 2:20 | Moon Well |
| 2:29 | Moon Well |
| 2:59 | Huntress |
| 3:15 | Huntress |
| 3:24 | Moon Well |
| 3:30 | Huntress |
| 3:59 | Tree of Ages |
| 4:10 | Huntress |
| 4:35 | Huntress |
| 4:37 | Sentinel |
| 5:33 | Huntress |
| 6:07 | Huntress |
| 6:07 | Strength of the Moon |
| 6:42 | Moon Well |
| 7:28 | Wisp |
| 7:29 | Wisp |
| Right click | 404 |
| Select group | 365 |
| Select | 124 |
| Assign group | 109 |
| Build/train/purchase | 71 |
| Misc. action | 64 |
| Use ability | 15 |
| Minimap ping | 7 |
| Chat | 5 |
| Esc | 2 |

| Peon | 8 | 600 | / | 0 |
| Troll Headhunter | 9 | 1260 | / | 180 |
| total: | 17 | 1860g | / | 180w |
| Altar of Storms | 1 | 180 | / | 50 |
| Orc Burrow | 4 | 640 | / | 160 |
| War Mill | 1 | 205 | / | 0 |
| Barracks | 1 | 180 | / | 50 |
| Voodoo Lounge | 1 | 130 | / | 30 |
| Spirit Lodge | 1 | 150 | / | 150 |
| Tauren Totem | 1 | 135 | / | 155 |
| Stronghold | 1 | 315 | / | 190 |
| Fortress | 1 | 325 | / | 190 |
| total: | 10 | 1620g | / | 595w |
| 0:02 | Peon |
| 0:06 | Altar of Storms |
| 0:14 | Orc Burrow |
| 0:16 | Peon |
| 0:31 | Peon |
| 0:38 | War Mill |
| 0:48 | Peon |
| 1:00 | Peon |
| 1:15 | Barracks |
| 1:27 | Peon |
| 1:34 | Peon |
| 2:01 | Peon |
| 2:10 | Orc Burrow |
| 2:14 | Voodoo Lounge |
| 2:24 | Troll Headhunter |
| 2:28 | Summon Lava Spawn |
| 2:34 | Troll Headhunter |
| 3:24 | Troll Headhunter |
| 3:25 | Stronghold |
| 4:37 | Orc Burrow |
| 4:37 | Troll Headhunter |
| 4:38 | Troll Headhunter |
| 5:32 | Troll Headhunter |
| 5:32 | Troll Headhunter |
| 5:32 | Troll Headhunter |
| 5:41 | Soul Burn |
| 6:01 | Troll Headhunter |
| 6:41 | Summon Lava Spawn |
| 6:46 | Fortress |
| 6:47 | Orc Burrow |
| 6:53 | Spirit Lodge |
| 6:56 | Tauren Totem |
| Right click | 400 |
| Select | 131 |
| Build/train/purchase | 28 |
| Misc. action | 10 |
| Assign group | 1 |

| Lesser Clarity Potion | 2 | 140 |
| total: | 2 | 140g |
| Wisp | 12 | 720 | / | 0 |
| Glaive Thrower | 5 | 1050 | / | 325 |
| total: | 17 | 1770g | / | 325w |
| Ancient Protector | 3 | 405 | / | 240 |
| Altar of Elders | 1 | 180 | / | 50 |
| Moon Well | 4 | 720 | / | 160 |
| Hunter's Hall | 1 | 210 | / | 100 |
| Ancient of War | 2 | 300 | / | 120 |
| Ancient of Wonders | 3 | 270 | / | 90 |
| Tree of Life | 1 | 340 | / | 185 |
| Tree of Ages | 2 | 640 | / | 360 |
| total: | 15 | 2425g | / | 945w |
| 0:03 | Wisp |
| 0:05 | Altar of Elders |
| 0:13 | Wisp |
| 0:20 | Moon Well |
| 0:25 | Wisp |
| 0:36 | Wisp |
| 0:36 | Wisp |
| 0:42 | Wisp |
| 0:43 | Wisp |
| 0:53 | Wisp |
| 1:27 | Wisp |
| 1:48 | Hunter's Hall |
| 1:51 | Ancient of War |
| 2:04 | Moon Well |
| 2:16 | Entangling Roots |
| 2:17 | Wisp |
| 2:25 | Ancient of War |
| 2:52 | Ancient of Wonders |
| 3:00 | Glaive Thrower |
| 3:04 | Ancient of Wonders |
| 3:22 | Moon Well |
| 3:31 | Glaive Thrower |
| 4:12 | Ancient of Wonders |
| 4:14 | Glaive Thrower |
| 4:32 | Glaive Thrower |
| 4:43 | Wisp |
| 4:43 | Wisp |
| 5:08 | Glaive Thrower |
| 5:29 | Moon Well |
| 5:30 | Lesser Clarity Potion |
| 5:33 | Force of Nature |
| 6:24 | Tree of Ages |
| 6:41 | Tree of Life |
| 7:05 | Ancient Protector |
| 7:07 | Ancient Protector |
| 7:08 | Ancient Protector |
| 7:15 | Lesser Clarity Potion |
| Select group | 752 |
| Right click | 638 |
| Misc. action | 144 |
| Select | 119 |
| Build/train/purchase | 36 |
| Assign group | 24 |
| Chat | 24 |
| Use ability | 9 |
| Esc | 5 |
| Minimap ping | 3 |

| Lesser Clarity Potion | 3 | 210 |
| Scroll of Speed | 1 | 50 |
| Healing Salve | 1 | 100 |
| total: | 5 | 360g |
| Peon | 9 | 675 | / | 0 |
| Troll Batrider | 2 | 320 | / | 80 |
| total: | 11 | 995g | / | 80w |
| Watch Tower | 1 | 110 | / | 80 |
| Altar of Storms | 1 | 180 | / | 50 |
| Orc Burrow | 4 | 640 | / | 160 |
| War Mill | 2 | 410 | / | 0 |
| Voodoo Lounge | 1 | 130 | / | 30 |
| Beastiary | 2 | 290 | / | 280 |
| Stronghold | 1 | 315 | / | 190 |
| Fortress | 1 | 325 | / | 190 |
| total: | 11 | 1760g | / | 600w |
| 0:01 | Peon |
| 0:05 | Altar of Storms |
| 0:14 | Peon |
| 0:18 | Orc Burrow |
| 0:22 | Peon |
| 0:31 | Peon |
| 0:48 | Peon |
| 1:02 | War Mill |
| 1:04 | War Mill |
| 1:06 | Peon |
| 1:19 | Peon |
| 1:38 | Peon |
| 2:06 | Stronghold |
| 2:07 | Orc Burrow |
| 2:11 | Feral Spirit |
| 2:24 | Watch Tower |
| 2:45 | Voodoo Lounge |
| 3:56 | Spiked Barricades |
| 4:16 | Lesser Clarity Potion |
| 4:17 | Scroll of Speed |
| 4:18 | Healing Salve |
| 4:27 | Peon |
| 4:29 | Beastiary |
| 4:32 | Beastiary |
| 5:00 | Fortress |
| 5:18 | Steel Ranged Weapons |
| 5:48 | Lesser Clarity Potion |
| 6:19 | Orc Burrow |
| 6:21 | Orc Burrow |
| 6:33 | Troll Batrider |
| 6:37 | Thorium Ranged Weapons |
| 6:44 | Lesser Clarity Potion |
| 7:07 | Troll Batrider |
| 7:23 | Liquid Fire |
| Right click | 297 |
| Select | 175 |
| Select group | 66 |
| Chat | 47 |
| Misc. action | 44 |
| Build/train/purchase | 36 |
| Assign group | 17 |
| Use ability | 5 |
61 units @ 4.9k
/ 0.1k
85 buildings @ 7k
/ 3.1k
ChuckleMan
(103)
(7:38) : 

| Scroll of Regeneration | 1 | 100 |
| Lesser Clarity Potion | 1 | 70 |
| Ivory Tower | 2 | 80 |
| total: | 4 | 250g |
| Peasant | 17 | 1275 | / | 0 |
| Goblin Shredder | 1 | 375 | / | 100 |
| total: | 18 | 1650g | / | 100w |
| Scout Tower | 14 | 420 | / | 280 |
| Arcane Tower | 1 | 70 | / | 50 |
| Guard Tower | 7 | 490 | / | 350 |
| Altar of Kings | 1 | 180 | / | 50 |
| Farm | 4 | 320 | / | 80 |
| Lumber Mill | 1 | 120 | / | 0 |
| Town Hall | 1 | 385 | / | 205 |
| Arcane Vault | 1 | 130 | / | 30 |
| Keep | 1 | 320 | / | 210 |
| total: | 22 | 1555g | / | 645w |
| 0:03 | Peasant |
| 0:03 | Peasant |
| 0:06 | Altar of Kings |
| 0:10 | Farm |
| 0:12 | Peasant |
| 0:24 | Peasant |
| 0:43 | Lumber Mill |
| 0:46 | Peasant |
| 1:00 | Farm |
| 1:17 | Peasant |
| 1:22 | Scout Tower |
| 1:23 | Peasant |
| 1:35 | Peasant |
| 1:38 | Peasant |
| 1:44 | Scout Tower |
| 1:49 | Arcane Tower |
| 1:52 | Peasant |
| 1:59 | Peasant |
| 2:02 | Scout Tower |
| 2:04 | Scout Tower |
| 2:05 | Scout Tower |
| 2:06 | Scout Tower |
| 2:09 | Peasant |
| 2:16 | Blizzard |
| 2:19 | Peasant |
| 2:36 | Peasant |
| 2:37 | Guard Tower |
| 3:04 | Farm |
| 3:06 | Guard Tower |
| 3:12 | Guard Tower |
| 3:26 | Peasant |
| 3:26 | Peasant |
| 3:47 | Peasant |
| 4:19 | Keep |
| 4:20 | Guard Tower |
| 4:50 | Brilliance Aura |
| 5:02 | Town Hall |
| 5:03 | Scout Tower |
| 5:04 | Scout Tower |
| 5:06 | Scout Tower |
| 5:07 | Scout Tower |
| 5:09 | Scout Tower |
| 5:56 | Goblin Shredder |
| 6:19 | Arcane Vault |
| 6:25 | Guard Tower |
| 6:27 | Scout Tower |
| 6:36 | Scout Tower |
| 6:37 | Scout Tower |
| 6:43 | Guard Tower |
| 6:47 | Scroll of Regeneration |
| 6:48 | Lesser Clarity Potion |
| 6:52 | Ivory Tower |
| 6:52 | Ivory Tower |
| 7:12 | Farm |
| 7:24 | Summon Lava Spawn |
| 7:28 | Guard Tower |
| Right click | 355 |
| Select group | 101 |
| Select | 72 |
| Build/train/purchase | 45 |
| Assign group | 30 |
| Use ability | 14 |
| Misc. action | 13 |
| Resource trade | 5 |

| Healing Salve | 1 | 100 |
| total: | 1 | 100g |
| Peon | 14 | 1050 | / | 0 |
| total: | 14 | 1050g | / | 0w |
| Watch Tower | 15 | 1650 | / | 1200 |
| Altar of Storms | 1 | 180 | / | 50 |
| Orc Burrow | 2 | 320 | / | 80 |
| War Mill | 1 | 205 | / | 0 |
| Voodoo Lounge | 1 | 130 | / | 30 |
| Beastiary | 2 | 290 | / | 280 |
| Stronghold | 1 | 315 | / | 190 |
| total: | 22 | 2775g | / | 1640w |
| 0:02 | Peon |
| 0:02 | Peon |
| 0:05 | Altar of Storms |
| 0:17 | Orc Burrow |
| 0:20 | Peon |
| 0:38 | Peon |
| 0:47 | War Mill |
| 0:55 | Peon |
| 1:07 | Voodoo Lounge |
| 1:15 | Peon |
| 1:29 | Peon |
| 1:44 | Peon |
| 1:48 | Orc Burrow |
| 2:02 | Watch Tower |
| 2:07 | Wind Walk |
| 2:14 | Healing Salve |
| 2:23 | Watch Tower |
| 2:25 | Peon |
| 2:43 | Watch Tower |
| 2:58 | Peon |
| 3:10 | Watch Tower |
| 3:21 | Watch Tower |
| 3:37 | Watch Tower |
| 3:39 | Peon |
| 3:39 | Peon |
| 3:50 | Watch Tower |
| 3:53 | Peon |
| 3:55 | Peon |
| 4:01 | Watch Tower |
| 4:15 | Watch Tower |
| 4:24 | Watch Tower |
| 4:25 | Critical Strike |
| 5:02 | Stronghold |
| 5:30 | Watch Tower |
| 5:31 | Watch Tower |
| 6:28 | Watch Tower |
| 6:31 | Watch Tower |
| 6:44 | Watch Tower |
| 7:25 | Beastiary |
| 7:30 | Beastiary |
| Right click | 358 |
| Select | 187 |
| Build/train/purchase | 30 |
| Misc. action | 16 |
| Esc | 5 |
| Chat | 4 |
| Assign group | 1 |
| Use ability | 1 |
| Minimap ping | 1 |

| Peasant | 7 | 525 | / | 0 |
| total: | 7 | 525g | / | 0w |
| Scout Tower | 17 | 510 | / | 340 |
| Guard Tower | 13 | 910 | / | 650 |
| Altar of Kings | 2 | 360 | / | 100 |
| Farm | 1 | 80 | / | 20 |
| Lumber Mill | 1 | 120 | / | 0 |
| Keep | 1 | 320 | / | 210 |
| total: | 21 | 1070g | / | 460w |
| 0:03 | Peasant |
| 0:03 | Peasant |
| 0:05 | Altar of Kings |
| 0:07 | Altar of Kings |
| 0:09 | Farm |
| 0:11 | Peasant |
| 0:11 | Peasant |
| 0:38 | Lumber Mill |
| 1:03 | Peasant |
| 1:04 | Peasant |
| 1:33 | Scout Tower |
| 1:38 | Scout Tower |
| 1:50 | Peasant |
| 2:06 | Scout Tower |
| 2:07 | Guard Tower |
| 2:16 | Guard Tower |
| 2:18 | Scout Tower |
| 2:31 | Flame Strike |
| 2:46 | Scout Tower |
| 2:48 | Scout Tower |
| 2:49 | Guard Tower |
| 2:49 | Guard Tower |
| 3:28 | Scout Tower |
| 3:29 | Guard Tower |
| 3:31 | Scout Tower |
| 4:04 | Scout Tower |
| 4:05 | Guard Tower |
| 4:06 | Guard Tower |
| 4:07 | Scout Tower |
| 4:40 | Scout Tower |
| 4:41 | Scout Tower |
| 4:42 | Guard Tower |
| 5:14 | Scout Tower |
| 5:14 | Guard Tower |
| 5:19 | Scout Tower |
| 5:21 | Scout Tower |
| 5:49 | Scout Tower |
| 5:50 | Guard Tower |
| 5:51 | Scout Tower |
| 6:03 | Guard Tower |
| 6:27 | Guard Tower |
| 6:28 | Guard Tower |
| 7:17 | Keep |
| Select | 99 |
| Right click | 76 |
| Build/train/purchase | 62 |
| Select group | 30 |
| Use ability | 6 |
| Assign group | 2 |

| Peasant | 22 | 1650 | / | 0 |
| total: | 22 | 1650g | / | 0w |
| Scout Tower | 9 | 270 | / | 180 |
| Arcane Tower | 1 | 70 | / | 50 |
| Guard Tower | 5 | 350 | / | 250 |
| Altar of Kings | 2 | 360 | / | 100 |
| Farm | 4 | 320 | / | 80 |
| Lumber Mill | 4 | 480 | / | 0 |
| Arcane Vault | 1 | 130 | / | 30 |
| total: | 20 | 1560g | / | 390w |
| 0:01 | Peasant |
| 0:06 | Altar of Kings |
| 0:08 | Peasant |
| 0:17 | Farm |
| 0:20 | Peasant |
| 0:38 | Peasant |
| 0:43 | Farm |
| 0:49 | Scout Tower |
| 1:01 | Peasant |
| 1:01 | Peasant |
| 1:17 | Lumber Mill |
| 1:19 | Lumber Mill |
| 1:22 | Peasant |
| 1:23 | Peasant |
| 1:27 | Peasant |
| 1:29 | Scout Tower |
| 1:34 | Arcane Tower |
| 1:54 | Scout Tower |
| 1:55 | Peasant |
| 1:58 | Peasant |
| 2:06 | Blizzard |
| 2:28 | Guard Tower |
| 2:42 | Guard Tower |
| 2:43 | Scout Tower |
| 3:07 | Peasant |
| 3:07 | Peasant |
| 3:07 | Peasant |
| 3:20 | Scout Tower |
| 3:21 | Scout Tower |
| 3:23 | Scout Tower |
| 3:46 | Arcane Vault |
| 3:57 | Guard Tower |
| 3:58 | Guard Tower |
| 4:05 | Peasant |
| 4:05 | Peasant |
| 4:05 | Peasant |
| 4:05 | Peasant |
| 4:05 | Peasant |
| 4:12 | Guard Tower |
| 4:35 | Scout Tower |
| 4:36 | Scout Tower |
| 6:06 | Peasant |
| 6:06 | Peasant |
| 6:07 | Peasant |
| 6:10 | Lumber Mill |
| 6:36 | Altar of Kings |
| 6:40 | Lumber Mill |
| 6:41 | Farm |
| 6:42 | Farm |
| 7:19 | Brilliance Aura |
| Right click | 774 |
| Select | 201 |
| Build/train/purchase | 57 |
| Chat | 25 |
| Select group | 23 |
| Assign group | 11 |
| Use ability | 7 |
| Misc. action | 5 |
| Minimap ping | 1 |
⇛